 Dungeon Crawl Stone Soup version 0.30.0 (webtiles) character file.

Game seed: 12535873288621030943

2803 dialectric the Carver (level 9, -15/72 HPs)
             Began as a Demonspawn Fighter on May 6, 2023.
             Was a Follower of Trog.
             Demolished by a two-headed ogre
             ... wielding a +0 giant club
              (18 damage)
             ... on level 10 of the Dungeon.
             The game lasted 00:07:31 (6454 turns).

dialectric the Carver (Demonspawn Fighter)          Turns: 6454, Time: 00:07:32

Health: -15/72     AC: 11    Str: 22    XL:     9   Next: 44%
Magic:  9/9        EV: 17    Int:  9    God:    Trog [*.....]
Gold:   298        SH:  0    Dex: 12    Spells: 8/8 levels left

rFire   + + .        t - +3 great sword
rCold   . . .        (shield currently unavailable)
rNeg    . . .        e - +2 leather armour {rF+}
rPois   .            v - +2 hat
rElec   .            z - +1 cloak
rCorr   .            y - +0 pair of gloves
SInv    .            (no boots)
Will    .....        (no amulet)
Stlth   +            l - +5 ring of evasion
HPRegen 0.32/turn    u - ring of protection from fire
MPRegen 0.11/turn

%: no passive effects
@: no status effects
A: claws 1, hooves 2, horns 1
a: Renounce Religion, Berserk


You were on level 10 of the Dungeon.
You worshipped Trog.
Trog was aware of your devotion.
You visited 1 branch of the dungeon, and saw 8 of its levels.

You collected 340 gold pieces.
You spent 42 gold pieces at shops.

Inventory:

Hand Weapons
 a - a +0 long sword
 t - a +3 great sword (weapon)
Missiles
 A - 5 javelins (quivered)
Armour
 b - a +2 helmet
 c - a +0 buckler
 e - a +2 leather armour of fire resistance (worn)
 v - a +2 hat (worn)
 y - a +0 pair of gloves (worn)
 z - a +1 cloak (worn)
 G - a +0 plate armour
Jewellery
 l - a +5 ring of evasion (left hand)
 u - a ring of protection from fire (right hand)
Wands
 o - a wand of roots (18)
 E - a wand of charming (10)
Scrolls
 g - 2 scrolls of fog
 h - 2 scrolls of teleportation
 i - a scroll of magic mapping
 j - 5 scrolls of noise {unknown}
 k - a scroll of acquirement {unknown}
 n - 6 scrolls of identify {unknown}
 p - a scroll of vulnerability {unknown}
 s - a scroll of brand weapon {unknown}
 B - a scroll of amnesia {unknown}
 D - a scroll of blinking {unknown}
 I - a scroll of fear
Potions
 d - 2 potions of heal wounds
 f - a potion of cancellation {unknown}
 m - 2 potions of mutation {unknown}
 q - 4 potions of brilliance {unknown}
 r - 2 potions of lignification {unknown}
 w - a potion of resistance {unknown}
 x - 3 potions of flight {unknown}
 C - 2 potions of haste {unknown}
 F - 3 potions of degeneration {unknown}
 H - a potion of ambrosia {unknown}


   Skills:
 + Level 7.5 Fighting
 + Level 8.5 Long Blades
 + Level 5.5 Armour
 - Level 2.1 Dodging
 - Level 1.4 Stealth
 - Level 2.6 Shields
 + Level 0.1 Evocations


You had 8 spell levels left.
You didn't know any spells.
Your spell library contained the following spells:

 Spells                   Type           Power      Damage    Failure   Level
 Cigotuvi's Dreadful Rot  Necr/Pois/Air  0%         N/A       56%         2
 Ensorcelled Hibernation  Hex/Ice        0%         N/A       56%         2
 Passwall                 Tmut/Erth      0%         N/A       56%         2
 Ozocubu's Armour         Ice            0%         N/A       80%         3
 Swiftness                Air            0%         N/A       80%         3
 Vhi's Electric Charge    Tloc/Air       0%         N/A       80%         3
 Dispel Undead            Necr           0%         3d6       99%         4
 Arcjolt                  Conj/Air       0%         1d10      100%        5
 Death Channel            Necr           0%         N/A       100%        6
 Plasma Beam              Fire/Air       0%         2x1d11    100%        6
 Ozocubu's Refrigeration  Ice            0%         4d7       100%        7


Dungeon Overview and Level Annotations

Branches:
Dungeon (10/15)            Temple (0/1) D:5
   Lair: D:8-11         Orc: D:9-12

Altars:
Cheibriados
Gozag
Hepliaklqana
Kikubaaqudgha
Okawaru
Qazlal
Sif Muna
Trog
Uskayaw
Xom

Shops:
D:4 !   D:5 :   D:6 :


Innate Abilities, Weirdness & Mutations

You have sharp fingernails.
You have hoof-like feet.
You have a pair of small horns on your head.


Message History

The two-headed ogre hits you but does no damage.
You slash the two-headed ogre! You kick the two-headed ogre!
The two-headed ogre is heavily wounded.
The grasping roots constrict the two-headed ogre.
The roots release their grip on the two-headed ogre.
You hit the two-headed ogre but do no damage.
You kick the two-headed ogre, but do no damage.
The two-headed ogre is heavily wounded.
The two-headed ogre misses you. The two-headed ogre barely misses you.
You slice the two-headed ogre!!
You kill the two-headed ogre!
Trog accepts your kill.
Your Long Blades skill increases to level 8!
Unknown command.
Things that are here:
a +0 dire flail; a +0 giant club; a two-headed ogre corpse A two-headed ogre comes into view.
It is wielding a +0 giant club and a +0 giant spiked club.
The two-headed ogre shouts in stereo!
Aiming: Fastroot
Press: ? - help, Shift-Dir - straight line, f - two-headed ogre
Aim: a two-headed ogre, wielding a +0 giant club and a +0 giant spiked club The roots erupt in riotous growth!
Roots grab the two-headed ogre.
The grasping roots constrict the two-headed ogre!
The two-headed ogre escapes!
The two-headed ogre hits you with a +0 giant club!
The two-headed ogre misses you.
You slice the two-headed ogre!! Your kick misses the two-headed ogre.
You headbutt the two-headed ogre, but do no damage.
The two-headed ogre is heavily wounded.
You slash the two-headed ogre! You kick the two-headed ogre.
The two-headed ogre is severely wounded.
The two-headed ogre hits you with a +0 giant club!!
The two-headed ogre hits you with a +0 giant spiked club!!
* * * LOW HITPOINT WARNING * * *
You hit the two-headed ogre but do no damage.
The two-headed ogre is severely wounded.
The two-headed ogre misses you.
The two-headed ogre hits you with a +0 giant spiked club!!
You die...

#####.....#...#
#.......#
#.....###
####.## #†..#
####.#######
#.....(....#
#.....O....#####
#......@........
#..........####
#......)..<#
#..........#
#######[#### #.#
#.# ..# .##


You could see a two-headed ogre.

Vanquished Creatures
  A two-headed ogre (D:10)
  A wraith (D:10)
  2 ice beasts
  3 black bears
  An orc warrior (D:5)
  An ogre (D:6)
  2 centaurs
  2 phantoms
  A kobold brigand (D:7)
  3 bullfrogs
  A scorpion (D:5)
  5 wights
  2 howler monkeys (D:10)
  A hound (D:5)
  2 jellies
  An iron imp (D:4)
  3 iguanas
  2 orc wizards (D:5)
  4 gnolls
  6 adders
  2 shadow imps (D:6)
  2 ufetubi
  2 dart slugs (D:3)
  9 orcs
  8 ball pythons
  4 bats
  6 endoplasms
  A giant cockroach (D:3)
  7 goblins
  5 hobgoblins
  4 jackals (D:3)
  16 kobolds
  6 quokkas
  9 frilled lizards (D:1)
  5 rats
130 creatures vanquished.

Vanquished Creatures (collateral kills)
  A gnoll (D:6)
1 creature vanquished.

Vanquished Creatures (others)
  A gnoll bouda (D:6)
  10 plants
11 creatures vanquished.

Grand Total: 142 creatures vanquished

Notes
Turn   | Place    | Note
-------+----------+-------------------------------------------
     0 | D:1      | dialectric the Demonspawn Fighter began the quest for the
                  | Orb.
     0 | D:1      | Reached XP level 1. HP: 18/18 MP: 1/1
   171 | D:1      | Discovered your monstrous ancestry.
   171 | D:1      | Gained mutation: You have large cloven feet. [demonic
                  | ancestry]
   171 | D:1      | Reached XP level 2. HP: 21/24 MP: 2/2
   296 | D:1      | Reached skill level 1 in Dodging
   725 | D:1      | Gained mutation: You have a pair of small horns on your
                  | head. [demonic ancestry]
   725 | D:1      | Reached XP level 3. HP: 28/29 MP: 3/3
  1241 | D:2      | Reached skill level 2 in Long Blades
  1927 | D:3      | Reached XP level 4. HP: 36/36 MP: 4/4
  2546 | D:4      | Found a snail-covered altar of Cheibriados.
  2591 | D:4      | Reached skill level 3 in Long Blades
  2677 | D:4      | Found an ancient bone altar of Kikubaaqudgha.
  2840 | D:4      | Found Aheev's Distillery.
  2842 | D:4      | Found a hide-covered altar of Uskayaw.
  2842 | D:4      | Found an opulent altar of Gozag.
  2852 | D:4      | Reached XP level 5. HP: 42/42 MP: 5/5
  2864 | D:4      | Bought a potion of curing for 42 gold pieces
  2997 | D:5      | Entered Level 5 of the Dungeon
  3043 | D:5      | Found a shimmering blue altar of Sif Muna.
  3051 | D:5      | Noticed an orc warrior
  3059 | D:5      | Killed an orc warrior
  3061 | D:5      | Noticed a black bear
  3063 | D:5      | Reached skill level 1 in Stealth
  3063 | D:5      | Reached XP level 6. HP: 18/48 MP: 3/6
  3069 | D:5      | Reached skill level 4 in Long Blades
  3069 | D:5      | Found a bloodstained altar of Trog.
  3069 | D:5      | Noticed an ice beast
  3075 | D:5      | Killed an ice beast
  3084 | D:5      | Became a worshipper of Trog the Wrathful
  3234 | D:5      | Identified the +8 falchion "Killer Klown's Foe" {venom,
                  | rElec rC- Int+2}
  3306 | D:5      | Reached XP level 7. HP: 46/55 MP: 7/7
  3390 | D:5      | Found Duason's Self-Improvement Boutique.
  3427 | D:5      | Reached skill level 5 in Fighting
  3763 | D:5      | Found a staircase to the Ecumenical Temple.
  4126 | D:6      | Reached skill level 5 in Long Blades
  4534 | D:7      | Gained mutation: You have sharp fingernails. [demonic
                  | ancestry]
  4534 | D:7      | Reached XP level 8. HP: 57/64 MP: 8/8
  4653 | D:6      | Found an iron altar of Okawaru.
  4863 | D:6      | Found Qed Ubboda's Book Emporium.
  5031 | D:6      | Reached skill level 6 in Long Blades
  5343 | D:7      | Found a hazy altar of Hepliaklqana.
  5344 | D:7      | Found a shimmering altar of Xom.
  5345 | D:7      | Noticed a spectral ugly thing
  5653 | D:7      | HP: 2/52 [wight/+3 spear of freezing (2)]
  5882 | D:7      | Reached * piety under Trog
  5889 | D:7      | Reached skill level 7 in Long Blades
  5889 | D:7      | Reached skill level 5 in Armour
  6256 | D:7      | Found a stormy altar of Qazlal.
  6279 | D:7      | Gained mutation: You have hoof-like feet. [demonic
                  | ancestry]
  6279 | D:7      | Reached XP level 9. HP: 47/72 MP: 9/9
  6366 | D:7      | You fall into a shaft and drop 3 floors!
  6366 | D:10     | Entered Level 10 of the Dungeon
  6438 | D:10     | Noticed a two-headed ogre
  6445 | D:10     | Killed a two-headed ogre
  6446 | D:10     | Reached skill level 8 in Long Blades
  6447 | D:10     | Noticed a two-headed ogre
  6453 | D:10     | HP: 2/72 [two-headed ogre/+0 giant club (21)]
  6454 | D:10     | Demolished by a two-headed ogre

Illustrated notes

Levels and vault maps discovered:
D:1:      wander_arrival_desolate, layout_basic, minmay_lizard_king
D:2:      layout_basic
D:3:      layout_basic, nicolae_figureground_sparkle
D:4:      layout_cave_pools, chequers_temple_overflow_statue_of_worship,
          slow_altar_1, mainiacjoe_overflow_alcove_4, serial_shops, shop
D:5:      layout_basic, nzn_overflow_gifts_of_might_and_magic,
          minmay_temple_entry_offerings, serial_curves, eino_curves_01,
          eino_curves_03, nicolae_shop_self_help
D:6:      layout_basic, mainiacjoe_overflow_concentric_impassable, serial_shops,
          nicolae_shop_waterfront
D:7:      layout_basic, regret_index_temple_of_mockery,
          mainiacjoe_overflow_paths
D:10:     layout_roguey, lemuel_crystal_altar, serial_shops,
          kennysheep_mini_moat, worms_lemuel

Skill      XL: |  1  2  3  4  5  6  7  8  9 |
---------------+----------------------------+-----
Dodging        | 1 2 |  2.1
Armour         | 3 4 5 |  5.5
Long Blades    | 2 3 4 5 7 8 |  8.5
Fighting       | 4 5 7 |  7.5
Stealth        | 1 |  1.4
Shields        | |  2.6
Evocations     | |  0.1

Action                     |  1- 3 |  4- 6 |  7- 9 || total
---------------------------+-------+-------+-------++-------
  Melee: Long sword        |   122 |    89 |   143 ||   354
         Kick              |    13 |    26 |    68 ||   107
         Headbutt          |     4 |    14 |    36 ||    54
         Punch             |       |       |     4 ||     4
         Great sword       |       |       |    61 ||    61
  Evoke: Wand              |       |       |     3 ||     3
    Use: Potion            |       |     2 |     3 ||     5
         Scroll            |       |       |     5 ||     5
   Stab: Sleeping          |     1 |     2 |     2 ||     5
 Armour: Leather armour    |    74 |    30 |    79 ||   183
         Scale mail        |     2 |       |       ||     2
  Dodge: Dodged            |    89 |    64 |   283 ||   436
